 Dungeon Crawl Stone Soup version 0.30-a0-576-g89cddaab80 (webtiles) character file.

Game seed: 2347029064344121954

74 Shayle the Conjurer (level 4, 0/27 HPs)
             Began as a Tengu Reaver on Dec 30, 2022.
             Slain by an iguana (7 damage)
             ... on level 4 of the Dungeon.
             The game lasted 00:04:40 (2368 turns).

Shayle the Conjurer (Tengu Reaver)                  Turns: 2368, Time: 00:04:40

Health: 0/27       AC:  3    Str: 12    XL:     4   Next: 30%
Magic:  8/8        EV: 12    Int: 15    God:
Gold:   129        SH:  0    Dex: 13    Spells: 6/7 levels left

rFire   . . .      SeeInvis .    a - +0 short sword
rCold   . . .      Faith    .    (no shield)
rNeg    . . .      Spirit   .    b - +0 leather armour
rPois   .          Reflect  .    (helmet restricted)
rElec   .          Harm     .    (no cloak)
rCorr   .          Rampage  .    (no gloves)
Will    .....                    (boots unavailable)
Stlth   ++                       (no amulet)
HPRegen 0.24/turn                (no ring)
MPRegen 0.11/turn                (no ring)

@: no status effects
A: beak, talons 3
a: no special abilities


You were on level 4 of the Dungeon.
You visited 1 branch of the dungeon, and saw 4 of its levels.

You collected 129 gold pieces.

Inventory:

Hand Weapons
 a - a +0 short sword (weapon)
Armour
 b - a +0 leather armour (worn)
Jewellery
 o - an amulet of the acrobat
Wands
 r - a wand of paralysis (4)
Scrolls
 d - 2 scrolls of identify {unknown}
 e - a scroll of noise {unknown}
 f - a scroll of fear {unknown}
 g - a scroll of amnesia {unknown}
 i - a scroll of butterflies {unknown}
 j - a scroll of vulnerability {unknown}
 l - a scroll of enchant armour {unknown}
 p - a scroll of teleportation {unknown}
 q - a scroll of fog {unknown}
Potions
 c - 3 potions of curing
 h - a potion of attraction {unknown}
 k - 2 potions of ambrosia {unknown}
 m - 2 potions of resistance {unknown}
 n - a potion of heal wounds {unknown}


   Skills:
 + Level 2.6 Fighting
 - Level 3.2 Short Blades
 + Level 2.8 Dodging
 + Level 1.6 Stealth
 - Level 2.0 Spellcasting
 - Level 4.0 Conjurations
 + Level 1.5 Necromancy
 + Level 1.0 Earth Magic


You had 6 spell levels left.
You knew the following spells:

 Your Spells              Type           Power      Damage    Failure   Level
a - Kiss of Death         Conj/Necr      36%        2d8       9%          1

Your spell library contained the following spells:

 Spells                   Type           Power      Damage    Failure   Level
 Momentum Strike          Conj/Tloc      14%        3d8       19%         2
 Hailstorm                Conj/Ice       7%         3d4       36%         3
 Ensorcelled Hibernation  Hex/Ice        2%         N/A       38%         2
 Gell's Gravitas          Tloc           1%         N/A       63%         3
 Spider Form              Tmut/Pois      1%         N/A       63%         3
 Teleport Other           Tloc           1%         N/A       63%         3
 Anguish                  Hex/Necr       1%         N/A       90%         4
 Dispersal                Tloc           0%         N/A       100%        6


Dungeon Overview and Level Annotations

Branches:
Dungeon (4/15)
 Temple: D:4-7

Altars:


Innate Abilities, Weirdness & Mutations

You have a beak for a mouth.
You have claws for feet.


Message History

Found a stone staircase leading down.
d - 2 scrolls labelled NOBEIMMOULUE (gained 1)
c - 4 fizzy ruby potions (gained 1)
r - a wand of paralysis (4)
An iguana comes into view.
The iguana hisses angrily.
You hit the iguana but do no damage. You claw the iguana, but do no damage.
You closely miss the iguana. Your kick misses the iguana. The iguana bites you.
You hit the iguana but do no damage. You claw the iguana, but do no damage.
The iguana barely misses you.
You hit the iguana. Your kick misses the iguana.
You peck the iguana, but do no damage.
The iguana is lightly wounded.
The iguana completely misses you.
You barely miss the iguana.
The iguana is lightly wounded.
The iguana completely misses you.
You barely miss the iguana. You claw the iguana, but do no damage.
You peck the iguana, but do no damage.
The iguana is lightly wounded.
The iguana closely misses you.
You hit the iguana. Your kick misses the iguana.
The iguana is lightly wounded.
The iguana bites you!
You completely miss the iguana. You claw the iguana.
You peck the iguana, but do no damage.
The iguana is heavily wounded.
You barely miss the iguana. You claw the iguana, but do no damage.
The iguana is heavily wounded.
The iguana barely misses you.
You completely miss the iguana. Your peck misses the iguana.
The iguana is heavily wounded.
The iguana bites you but does no damage.
You barely miss the iguana. You claw the iguana.
The iguana is severely wounded.
The iguana bites you!
* * * LOW HITPOINT WARNING * * *
Okay, then.
It was a potion of curing.
You feel better. The iguana bites you!
You die...

...........#######
.........###
........## ###
##.##...##
...#######..#
#.#.#.#....#
#.#.......#..#
#.........####
#.##.l@####
#........#
....##..## ...
#### ..


You could see an iguana.

Vanquished Creatures
  2 adders (D:2)
  2 worms (D:2)
  A dart slug (D:1)
  6 ball pythons
  4 endoplasms
  2 giant cockroaches
  6 goblins
  6 hobgoblins
  3 kobolds
  3 quokkas
  4 bats
  A frilled lizard (D:1)
  3 rats
43 creatures vanquished.

Notes
Turn   | Place    | Note
-------+----------+-------------------------------------------
     0 | D:1      | Shayle the Tengu Reaver began the quest for the Orb.
     0 | D:1      | Reached XP level 1. HP: 12/12 MP: 4/4
   166 | D:1      | Reached XP level 2. HP: 17/17 MP: 6/6
   633 | D:1      | Reached skill level 1 in Necromancy
   778 | D:2      | Reached skill level 1 in Stealth
   816 | D:2      | Reached XP level 3. HP: 21/21 MP: 7/7
   938 | D:2      | Found a faded altar of an unknown god.
  1589 | D:2      | Reached skill level 1 in Earth Magic
  1589 | D:2      | Reached XP level 4. HP: 27/27 MP: 8/8
  2367 | D:4      | HP: 1/27 [iguana (12)]
  2368 | D:4      | Slain by an iguana

Illustrated notes

Levels and vault maps discovered:
D:1:      roderic_chinese_lattice_arrival, layout_basic
D:2:      layout_basic, shapermc_ecumenical_altar_venn
D:3:      layout_loops_ring, grunt_ministairs_11
D:4:      layout_cave_pools, okawaru_trees_1, nicolae_elemental_shop,
          minmay_misc_feat_rugged, uniq_grinder

Skill      XL: |  1  2  3 |
---------------+----------+-----
Necromancy     | 1 |  1.5
Stealth        | 1 |  1.6
Earth Magic    | 1 |  1.0
Fighting       | |  2.6
Short Blades   | |  3.2
Dodging        | |  2.8
Spellcasting   | |  2.0
Conjurations   | |  4.0

Action                   |  1- 3 |  4- 6 || total
-------------------------+-------+-------++-------
Melee: Short sword       |    90 |    27 ||   117
       Kick              |    24 |    12 ||    36
       Peck              |    13 |     5 ||    18
       Punch             |     2 |       ||     2
  Use: Potion            |       |     1 ||     1
 Stab: Sleeping          |     3 |       ||     3
Armor: Leather armour    |    19 |     6 ||    25
Dodge: Dodged            |    40 |    11 ||    51

Table legend: (Time is in decaauts)
 A = Elapsed time spent in this place.
 B = Non-inter-level travel time spent in this place.
 C = Inter-level travel time spent in this place.
 D = Time resting spent in this place.
 E = Time spent auto-exploring this place.
 F = Levels seen in this place.
 G = Mean time per level.
                   A        B        C        D        E       F      G
               +--------+--------+--------+--------+--------+-----+--------+
         Total |   2349 |   2277 |     72 |      0 |   1819 |   4 |  587.2 |
       Dungeon |   2349 |   2277 |     72 |      0 |   1819 |   4 |  587.2 |
               +--------+--------+--------+--------+--------+-----+--------+

Top non-repeatable levels by time:
     D:2: 854 daAuts
     D:1: 764 daAuts
     D:3: 627 daAuts
     D:4: 103 daAuts
